 Dungeon Crawl Stone Soup version 0.28-a0-1184-g53156a8862 (webtiles) character file.

Game seed: 6917004477546789491

9 rogsnak the Gusty (level 2, 0/19 HPs)
             Began as a Demonspawn Air Elementalist on Dec 18, 2021.
             Slain by a goblin (1 damage)
             ... on level 1 of the Dungeon.
             The game lasted 00:01:08 (619 turns).

rogsnak the Gusty (Demonspawn Air Elementalist)      Turns: 619, Time: 00:01:09

Health: 0/19       AC:  2    Str:  8    XL:     2   Next: 3%
Magic:  5/5        EV: 12    Int: 16    God:
Gold:   0          SH:  0    Dex: 13    Spells: 4/5 levels left

rFire   . . .      SeeInvis .   b - +0 dagger
rCold   . . .      Faith    .   (no shield)
rNeg    . . .      Spirit   .   a - +0 robe
rPois   .          Reflect  .   (no helmet)
rElec   .          Harm     .   (no cloak)
rCorr   .          Rampage  .   (no gloves)
Will    .....                   (no boots)
Stlth   ++........              (no amulet)
HPRegen 0.06/turn               (no ring)
MPRegen 0.09/turn               (no ring)

@: no status effects
A: demonic touch 1
a: no special abilities


You were on level 1 of the Dungeon.
You visited 1 branch of the dungeon, and saw 1 of its levels.

Inventory:

Hand Weapons
 b - a +0 dagger (weapon)
Armour
 a - a +0 robe (worn)


   Skills:
 + Level 2.1 Dodging
 - Level 1.7 Stealth
 + Level 2.1 Spellcasting
 * Level 1.1 Conjurations
 + Level 2.8 Air Magic


You had 4 spell levels left.
You knew the following spells:

 Your Spells              Type           Power      Damage    Failure   Level
a - Shock                 Conj/Air       32%        1d5       9%          1

Your spell library contained the following spells:

 Spells                   Type           Power      Damage    Failure   Level
 Static Discharge         Conj/Air       8%         N/A       14%         2
 Swiftness                Air            10%        N/A       19%         3
 Airstrike                Air            5%         N/A       54%         4


Dungeon Overview and Level Annotations

Branches:
Dungeon (1/15)

Altars:


Innate Abilities, Weirdness & Mutations

Your touch may inflict minor irresistible damage on your foes.


Message History

You feel monstrous as your demonic heritage exerts itself.
Your demonic ancestry asserts itself...
Your hands begin to faintly glow with unholy energy.
There is a dry fountain here.
A goblin comes into view. It is wielding a +0 dagger.
The goblin shouts!
The goblin hits you but does no damage.
You hit the goblin but do no damage. The goblin hits you with a +0 dagger.
You barely miss the goblin. The goblin hits you with a +0 dagger.
You hit the goblin.
You kill the goblin!
You see here a +0 dagger.
You see here 14 poisoned darts.
A goblin comes into view. It is wielding a +0 club.
The goblin hits you with a +0 club. The goblin barely misses you.
The goblin hits you with a +0 club. The goblin barely misses you.
The goblin closely misses you. The goblin hits you with a +0 club.
The goblin barely misses you. The goblin closely misses you.
The goblin misses you. The goblin closely misses you.
The goblin barely misses you. The goblin hits you with a +0 club.
The goblin misses you. The goblin hits you with a +0 club.
* * * LOW HITPOINT WARNING * * *
The goblin misses you. The goblin closely misses you.
The goblin hits you with a +0 club.
* * * LOW HITPOINT WARNING * * *
The goblin hits you but does no damage. The goblin hits you but does no damage.
The goblin barely misses you. The goblin closely misses you.
The goblin barely misses you. The goblin hits you with a +0 club.
You die...

#.# #.# ## #.# ###.
#.# ##... ######.#
#....
######....#.###...#
#.@(......#.##...#.
#g###.....#..#...#.
#. #.....##..รท..#.
#. #.....##.#...#.
#. #........##...#
#. #######..##....
#. #........##...
#. #........####.
#........#####


You could see a goblin.

Vanquished Creatures
  An endoplasm (D:1)
  A hobgoblin (D:1)
  2 kobolds (D:1)
  A quokka (D:1)
  A frilled lizard (D:1)
  2 goblins (D:1)
8 creatures vanquished.

Notes
Turn   | Place    | Note
-------+----------+-------------------------------------------
     0 | D:1      | rogsnak the Demonspawn Air Elementalist began the quest for
                  | the Orb.
     0 | D:1      | Reached XP level 1. HP: 13/13 MP: 3/3
   425 | D:1      | Discovered your monstrous ancestry.
   425 | D:1      | Gained mutation: Your touch may inflict minor irresistible
                  | damage on your foes. [demonic ancestry]
   425 | D:1      | Reached XP level 2. HP: 16/19 MP: 1/5
   619 | D:1      | Slain by a goblin

Illustrated notes

Levels and vault maps discovered:
D:1:      dpeg_arrival_oval, layout_basic,
          shapermc_ecumenical_altar_totnotflames, corexii_hall_statues_i

Skill      XL: |  1 |
---------------+----+-----
Dodging        | 2 |  2.1
Stealth        | |  1.7
Spellcasting   | |  2.1
Conjurations   | |  1.1
Air Magic      | |  2.8

Action                   || total
-------------------------++-------
Melee: Dagger            ||    13
       Unarmed           ||     7
 Cast: Shock             ||    12
Armor: Robe              ||     4
Dodge: Dodged            ||    25

Table legend: (Time is in decaauts)
 A = Elapsed time spent in this place.
 B = Non-inter-level travel time spent in this place.
 C = Inter-level travel time spent in this place.
 D = Time resting spent in this place.
 E = Time spent auto-exploring this place.
 F = Levels seen in this place.
 G = Mean time per level.
                   A        B        C        D        E       F      G
               +--------+--------+--------+--------+--------+-----+--------+
         Total |    618 |    618 |      0 |     68 |    448 |   1 |  618.0 |
       Dungeon |    618 |    618 |      0 |     68 |    448 |   1 |  618.0 |
               +--------+--------+--------+--------+--------+-----+--------+

Top non-repeatable levels by time:
     D:1: 618 daAuts
